 Dungeon Crawl Stone Soup version 0.29-a0-565-g7a16c6de65 (webtiles) character file.

Game seed: 14410254899443320571

214 Lekart the Chopper (level 5, 0/47 HPs)
             Began as a Draconian Chaos Knight on June 12, 2022.
             Was a Plaything of Xom.
             Slain by a black bear (2 damage)
             ... on level 4 of the Dungeon.
             The game lasted 00:03:09 (2670 turns).

Lekart the Chopper (Draconian Chaos Knight)         Turns: 2670, Time: 00:03:10

Health: 0/47       AC:  6    Str: 21 (22) XL:     5   Next: 59%
Magic:  5/5        EV: 13    Int: 13 (14) God:    Xom [*.....]
Gold:   136        SH:  0    Dex: 17      Spells: 4/4 levels left

rFire   . . .      SeeInvis +   a - +0 hand axe (vorpal)
rCold   . . .      Faith    .   e - orb {mayhem}
rNeg    . . .      Spirit   .   (body armour unavailable)
rPois   .          Reflect  .   (helmet restricted)
rElec   .          Harm     .   h - +0 cloak
rCorr   .          Rampage  .   (no gloves)
Will    .....      Clarity  +   (no boots)
Stlth   ++++......              d - amulet of the acrobat
HPRegen 0.15/turn               c - +6 ring of strength
MPRegen 0.09/turn               (no ring)

@: flying
A: AC +5, unfitting armour, cold-blooded, big wings, talons 1, thin skeletal
structure 2, see invisible, agile 1, clarity, clever 1, high MP 1, wild magic 1,
evolution 1
a: Renounce Religion


You were on level 4 of the Dungeon.
You worshipped Xom.
You were a special plaything of Xom.
You visited 1 branch of the dungeon, and saw 4 of its levels.

You collected 136 gold pieces.

Inventory:

Hand Weapons
 a - a +0 vorpal hand axe (weapon)
Armour
 e - an orb of mayhem (worn)
 h - a +0 cloak (worn)
Jewellery
 c - a +6 ring of strength (left hand)
 d - an amulet of the acrobat (around neck)
 l - the amulet of Elemental Vulnerability {rPois rF-- rC-- AC+8}
   (You found it on level 4 of the Dungeon)

   [amulet of nothing]

   AC:        It affects your AC (+8).
   rF:        It makes you very vulnerable to fire.
   rC:        It makes you very vulnerable to cold.
   rPois:     It protects you from poison.
Scrolls
 i - a scroll of identify {unknown}
 k - a scroll of teleportation {unknown}
 m - a scroll of fog {unknown}
Potions
 g - a potion of might {unknown}
 j - 2 potions of brilliance {unknown}
Miscellaneous
 b - a piece from Xom's chessboard (15/15) (quivered)


   Skills:
 + Level 4.4 Fighting
 + Level 4.8 Axes
 * Level 3.4 Dodging


You had 4 spell levels left.
You didn't know any spells.
Your spell library contained the following spells:

 Spells                   Type           Power      Damage    Failure   Level
 Sublimation of Blood     Necr           0%         N/A       52%         2
 Wereblood                Tmut           0%         N/A       52%         2
 Corpse Rot               Necr/Pois/Air  0%         N/A       98%         4
 Dispel Undead            Necr           0%         3d6       98%         4
 Death Channel            Necr           0%         N/A       100%        6
 Summon Hydra             Summ           0%         N/A       100%        7


Dungeon Overview and Level Annotations

Branches:
Dungeon (4/15)
 Temple: D:4-7

Altars:
Cheibriados
Gozag


Innate Abilities, Weirdness & Mutations

Your plain brown scales are hard. (AC +5)
You cannot fit into any form of body armour.
You are cold-blooded and may be slowed by cold attacks.
Your large and strong wings let you fly.
You have sharp toenails.
You have a moderately thin skeletal structure. (Dex +4, Stealth++)
You have supernaturally acute eyesight. (SInv)
You are agile. (Dex +2)
You possess an exceptional clarity of mind.
Your mind is acute. (Int +2)
You have an increased reservoir of magic. (+10% MP)
Your spells are a little harder to cast, but a little more powerful.
You have hidden genetic potential.


Message History

The orc priest looks braver for a moment.
The orc misses you. The orc hits you with a +0 short sword.
The gnoll closely misses you.
You closely miss the orc. Your kick misses the orc. You tail-slap the orc.
The orc is heavily wounded.
The gnoll closely misses you. The orc barely misses you.
The orc closely misses you. The gnoll barely misses you.
You hit the orc. You claw the orc.
You kill the orc!
You hit the orc but do no damage. You barely miss the black bear.
The black bear bites you.
The black bear claws you but does no damage. x2
The gnoll barely misses you. The orc completely misses you.
The orc closely misses you. The gnoll closely misses you.
The hobgoblin attacks as you move away! The hobgoblin completely misses you.
The black bear closely misses you. The black bear claws you.
The black bear completely misses you. The orc attacks as you move away!
The orc closely misses you.
The black bear attacks as you move away!
The black bear completely misses you. The black bear misses you.
The black bear claws you but does no damage.
The orc attacks as you move away! The orc barely misses you.
The black bear attacks as you move away!
The black bear misses you. x2
The black bear claws you but does no damage.
The orc attacks as you move away! The orc closely misses you.
The orc priest invokes the aid of Beogh against you.
Beogh smites you!
* * * LOW HITPOINT WARNING * * *
The orc priest calls down the wrath of Beogh upon you.
Beogh smites you!
* * * LOW HITPOINT WARNING * * *
Xom momentarily opens a gate.
You are now a special plaything of Xom.
Okay, then.
It was a potion of flight.
You feel more buoyant.
Xom is highly amused!
The black bear bites you.
You die...
Xom guffaws!

#........# #.
########........#######.
...........†.......##......
....................##......
.......................#......
................................
................5..........###..
...............5########........
.............gh@................
..........o..oo.#########.....#.
.............g..# ....#####
......).....g...# ....#....
......).........# ....#....
................# .. #....
................# ..####
................# # #..
................# #.##..


You could see a black bear (ally target), an orc priest, 2 gnolls, 2 orcs, a
hobgoblin, a friendly crimson imp (summoned) and a friendly white imp
(summoned).

Vanquished Creatures
  A scorpion (D:4)
  2 gnolls (D:4)
  3 adders (D:2)
  A worm (D:3)
  3 dart slugs
  4 orcs
  3 bats
  3 endoplasms
  2 giant cockroaches (D:1)
  6 goblins
  2 hobgoblins
  A quokka (D:3)
  6 ball pythons
  3 kobolds
  4 rats
44 creatures vanquished.

Vanquished Creatures (collateral kills)
  A scorpion (D:4)
  2 worms (D:4)
  An orc (D:4)
4 creatures vanquished.

Grand Total: 48 creatures vanquished

Notes
Turn   | Place    | Note
-------+----------+-------------------------------------------
     0 | D:1      | Lekart the Draconian Chaos Knight began the quest for the
                  | Orb.
     0 | D:1      | Reached XP level 1. HP: 19/19 MP: 1/1
   168 | D:1      | Reached XP level 2. HP: 26/26 MP: 2/2
   194 | D:1      | XOM: divination: magic mapping
   237 | D:1      | XOM: silly message
   305 | D:1      | XOM: noise
   374 | D:1      | Found a faded altar of an unknown god.
   751 | D:2      | XOM: 6-stop teleportation journey
   785 | D:2      | Reached XP level 3. HP: 27/33 MP: 3/3
  1114 | D:2      | XOM: noise
  1565 | D:3      | XOM: give mutations
  1565 | D:3      | Gained mutation: You are agile. (Dex +2) [Xom's grace]
  1565 | D:3      | Gained mutation: You have supernaturally acute eyesight.
                  | (SInv) [Xom's grace]
  1565 | D:3      | Gained mutation: You possess an exceptional clarity of
                  | mind. [Xom's grace]
  1565 | D:3      | Gained mutation: You have an increased reservoir of magic.
                  | (+10% MP) [Xom's grace]
  1717 | D:3      | Found a snail-covered altar of Cheibriados.
  1747 | D:3      | XOM: give mutations
  1747 | D:3      | Gained mutation: Your spells are a little harder to cast,
                  | but a little more powerful. [Xom's grace]
  1747 | D:3      | Gained mutation: You have sharp toenails. [Xom's grace]
  1747 | D:3      | Gained mutation: You have a somewhat thin skeletal
                  | structure. (Dex +2, Stealth+) [Xom's grace]
  1791 | D:3      | Found an opulent altar of Gozag.
  1828 | D:3      | Reached XP level 4. HP: 29/40 MP: 4/4
  2132 | D:3      | XOM: cloud trail
  2344 | D:4      | Noticed a scorpion
  2344 | D:4      | Killed a scorpion
  2354 | D:4      | Reached XP level 5. HP: 46/46 MP: 5/5
  2368 | D:4      | Found the amulet of Elemental Vulnerability {rPois rF--
                  | rC-- AC+8}
  2424 | D:4      | XOM: give mutations
  2424 | D:4      | Gained mutation: You have hidden genetic potential. [Xom's
                  | grace]
  2424 | D:4      | Gained mutation: Your mind is acute. (Int +2) [Xom's grace]
  2424 | D:4      | Gained mutation: You have a moderately thin skeletal
                  | structure. (Dex +4, Stealth++) [Xom's grace]
  2424 | D:4      | Gained mutation: Your large and strong wings let you fly.
                  | [Xom's grace]
  2651 | D:4      | Noticed a black bear
  2668 | D:4      | HP: 2/47 [orc priest/divine providence (12)]
  2669 | D:4      | XOM: summons 2 friendly demons
  2670 | D:4      | Slain by a black bear

Illustrated notes

Levels and vault maps discovered:
D:1:      evilmike_arrival_crescent, layout_rooms,
          hellmonk_ecumenical_altar_crossroads
D:2:      layout_loops_ring
D:3:      layout_loops_cross, cheibriados_altar_1, lemuel_tele_altar
D:4:      layout_basic, minmay_cupped

Skill      XL: |  1  2  3  4 |
---------------+-------------+-----
Fighting       | 4 |  4.4
Dodging        | 3 |  3.4
Axes           | 4 |  4.8

Action                   |  1- 3 |  4- 6 || total
-------------------------+-------+-------++-------
Melee: Hand axe          |    94 |    32 ||   126
       Tailslap          |     6 |     6 ||    12
       Kick              |       |     9 ||     9
  Use: Scroll            |     3 |       ||     3
       Potion            |     2 |     1 ||     3
 Stab: Sleeping          |     1 |     2 ||     3
Armor: Skin              |    26 |    10 ||    36
Dodge: Dodged            |    42 |    51 ||    93

Table legend: (Time is in decaauts)
 A = Elapsed time spent in this place.
 B = Non-inter-level travel time spent in this place.
 C = Inter-level travel time spent in this place.
 D = Time resting spent in this place.
 E = Time spent auto-exploring this place.
 F = Levels seen in this place.
 G = Mean time per level.
                   A        B        C        D        E       F      G
               +--------+--------+--------+--------+--------+-----+--------+
         Total |   2684 |   2565 |    119 |    208 |   1959 |   4 |  671.0 |
       Dungeon |   2684 |   2565 |    119 |    208 |   1959 |   4 |  671.0 |
               +--------+--------+--------+--------+--------+-----+--------+

Top non-repeatable levels by time:
     D:2: 940 daAuts
     D:3: 880 daAuts
     D:1: 505 daAuts
     D:4: 357 daAuts
